[Event "FRA-ch Youth U18 2018"]
[Site "Agen"]
[Date "2018.04.20"]
[Round "7"]
[White "O'Sullivan, Thomas"]
[Black "Heliot, Xabi"]
[Result "1-0"]
[ECO "E32"]
[WhiteElo "2291"]
[BlackElo "2160"]
[Annotator "NA"]
[PlyCount "77"]
[EventDate "2018.??.??"]
[EventType "swiss"]
[EventCountry "FRA"]
[SourceTitle "playchess.com"]
[Source "ChessBase"]
[SourceQuality "1"]
[TimeControl "5400+30"]

1. d4 Nf6 2. c4 e6 3. Nc3 Bb4 4. Qc2 O-O 5. Nf3 c5 6. dxc5 Na6 7. g3 Nxc5 8. Bg2 b6 9. O-O {[%emt 0:00:11] E39: Nimzo-Indian: Classical: 4...c5 5 dxc5 0-0} Bb7 10. Nb5 Be4 (10... Nce4 11. Ng5 d5 12. Rd1 Qc8 13. Nxe4 Nxe4 14. Bxe4 dxe4 15. Bf4 Bc6 16. Bd6 Bxb5 17. Bxb4 {½-½ (30) Lenderman,A (2611)-Yu,Y (2760) chess.com INT 2018}) 11. Qd1 Nb7 12. Bf4 a6 13. Nd6 Nxd6 {[%emt 0:00:40] LiveBook: 11 Games} 14. Bxd6 Bxd6 15. Qxd6 Qb8 {[%emt 0:15:22] [#]} 16. Rfd1 $146 Qb7 17. Ne1 Rfc8 18. f3 Bc6 19. Nd3 Qa7 20. Ne5 b5+ 21. c5 b4 22. Rac1 Bb5 23. f4 Ne8 24. Qe7 d5 25. Qxa7 Rxa7 26. e4 dxe4 27. Bxe4 Rac7 28. c6 f6 29. Nd7 Bxc6 $2 (29... f5 $16 {might work better.} 30. Bh1 Nf6) 30. Nb6 Bxe4 31. Nxc8 Bd5 32. Rxc7 Nxc7 33. Rc1 Nb5 34. Ne7+ Kf7 35. Nxd5 exd5 36. Rc6 a5 37. Rc5 Nd6 38. Rxd5 Nc4 $18 39. b3 1-0

[Event "FRA-ch Youth U18 2018"]
[Site "Agen"]
[Date "2018.04.20"]
[Round "7"]
[White "Belluire, Beatrice"]
[Black "Chachiachvili, Mariam"]
[Result "1-0"]
[ECO "C52"]
[WhiteElo "1818"]
[BlackElo "1752"]
[Annotator "NA"]
[PlyCount "83"]
[EventDate "2018.??.??"]
[EventType "swiss"]
[EventCountry "FRA"]
[SourceTitle "playchess.com"]
[Source "ChessBase"]
[SourceQuality "1"]
[TimeControl "5400+30"]

1. e4 e5 2. Nf3 Nc6 3. Bc4 Bc5 4. b4 Bxb4 5. c3 Ba5 6. d4 exd4 7. Qb3 Qe7 8. O-O Bb6 9. cxd4 Nxd4 10. Nxd4 Bxd4 11. Nc3 Nf6 12. Ba3 c5 13. Rad1 d6 14. Nb5 O-O 15. Nxd4 cxd4 16. Rxd4 Rd8 17. Rfd1 Ne8 18. e5 Qxe5 19. Bxf7+ Kh8 20. Bb2 Qe7 21. R4d3 Nf6 22. Re3 Qf8 23. Rde1 Bd7 24. Rg3 Ba4 25. Qxa4 Qxf7 26. Rge3 b6 27. Re7 Qd5 28. Bxf6 gxf6 29. Qh4 Qf5 30. h3 Rg8 31. R1e3 Rg7 32. Rxg7 Kxg7 33. Rf3 Qb1+ 34. Kh2 Rf8 35. Rg3+ Kf7 36. Qc4+ Ke8 37. Re3+ Kd8 38. Qe6 Rh8 39. Qxf6+ Kc7 40. Qxh8 Qxa2 41. Rc3+ Kb7 42. Qc8# 1-0

[Event "FRA-ch Youth U18 2018"]
[Site "Agen"]
[Date "2018.04.20"]
[Round "7"]
[White "El Barbry, Sarah"]
[Black "Pigeat, Typhaine"]
[Result "1-0"]
[ECO "B21"]
[WhiteElo "1750"]
[BlackElo "1733"]
[Annotator "NA"]
[PlyCount "77"]
[EventDate "2018.??.??"]
[EventType "swiss"]
[EventCountry "FRA"]
[SourceTitle "playchess.com"]
[Source "ChessBase"]
[SourceQuality "1"]
[TimeControl "5400+30"]

1. e4 c5 2. d4 cxd4 3. c3 d3 4. c4 e6 5. Bxd3 Nc6 6. Nf3 h6 7. O-O b6 8. Nc3 Bd6 9. Nb5 Bb8 10. Bb1 Ba6 11. Re1 Nge7 12. b3 O-O 13. Bb2 Ng6 14. e5 Bb7 15. Nd6 Bxd6 16. exd6 Rc8 17. Qd3 Nb4 18. Qc3 Qf6 19. Qd2 Qf4 20. Qxb4 Bxf3 21. Qc3 Qf6 22. Qxf6 gxf6 23. gxf3 Nh4 24. Re4 Nxf3+ 25. Kg2 f5 26. Rf4 Ng5 27. h4 Nh7 28. Kh2 f6 29. Bd3 Kf7 30. Be2 Rg8 31. Bh5+ Kf8 32. Rf3 Rc5 33. Rg1 Rg7 34. Rxg7 Kxg7 35. Rg3+ Kf8 36. Bg6 f4 37. Rg1 Kg7 38. Bxh7+ Kxh7 39. Bxf6 1-0

[Event "FRA-ch Youth U18 2018"]
[Site "Agen"]
[Date "2018.04.20"]
[Round "7"]
[White "Milroy, Melena"]
[Black "Lomandong, Noela-Joyce"]
[Result "0-1"]
[ECO "B23"]
[WhiteElo "1718"]
[BlackElo "2053"]
[Annotator "NA"]
[PlyCount "86"]
[EventDate "2018.??.??"]
[EventType "swiss"]
[EventCountry "FRA"]
[SourceTitle "playchess.com"]
[Source "ChessBase"]
[SourceQuality "1"]
[TimeControl "5400+30"]

1. e4 c5 2. Nc3 g6 3. h4 h6 4. h5 g5 5. f4 gxf4 6. d4 Bg7 7. e5 cxd4 8. Qxd4 Nc6 9. Qf2 Bxe5 10. Bxf4 Qa5 11. Bxe5 Qxe5+ 12. Be2 Qd4 13. Qxd4 Nxd4 14. O-O-O Nxe2+ 15. Ngxe2 Nf6 16. Nf4 d6 17. Nfd5 Nxd5 18. Nxd5 Kd8 19. Rde1 Be6 20. Nf4 Bf5 21. Nd5 e6 22. Ne3 Be4 23. Rhg1 d5 24. Ng4 Ke7 25. Ref1 Rag8 26. Ne5 f6 27. Nf3 Rg3 28. Kd2 Rhg8 29. Ne1 Bxg2 30. Rf2 Be4 31. Rgf1 $19 f5 32. Nd3 Bxd3 33. cxd3 Rg2 34. Ke3 Rxf2 35. Rxf2 Kd6 36. Rc2 Rg3+ 37. Kf4 Rg4+ 38. Kf3 Kd7 39. d4 Rxd4 40. Rg2 Rg4 41. Rxg4 fxg4+ 42. Kxg4 Ke7 43. Kf4 Kf6 {[%emt 0:00:01] Ke5+ Kxe5} 0-1

[Event "FRA-ch Youth U18 2018"]
[Site "Agen"]
[Date "2018.04.20"]
[Round "7"]
[White "Bauer, Elise"]
[Black "Salvador, Lucie"]
[Result "1-0"]
[ECO "C00"]
[WhiteElo "1489"]
[BlackElo "1955"]
[Annotator "NA"]
[PlyCount "105"]
[EventDate "2018.??.??"]
[EventType "swiss"]
[EventCountry "FRA"]
[SourceTitle "playchess.com"]
[Source "ChessBase"]
[SourceQuality "1"]
[TimeControl "5400+30"]

1. e4 e6 2. d4 d5 3. Bd3 Nf6 4. e5 Nfd7 5. c3 c5 6. Be3 Qb6 7. Qb3 Qxb3 8. axb3 cxd4 9. cxd4 Nc6 10. Nc3 Bb4 11. f4 b6 12. Nf3 Na5 13. Nd2 $11 O-O 14. O-O f6 15. Ra4 Be7 16. Nd1 Nc6 17. Nc3 Nb4 18. Be2 Nb8 19. Rc1 Bd7 20. Raa1 N8c6 21. Nb5 fxe5 22. fxe5 Rf5 23. Bg4 Bg5 24. Bxg5 Rxg5 25. h3 h5 26. Nf3 Rg6 27. Bxh5 Rh6 28. Bg4 Nd3 29. Rc3 Nf4 30. Kf2 a5 31. Nd6 Rf8 32. Rd1 Nb4 33. Rd2 Be8 34. Nxe8 Rxe8 35. Ke3 Ng6 36. Ng5 Nh4 37. g3 Nf5+ 38. Bxf5 exf5 39. Rf2 g6 40. h4 Kf8 41. Rc7 Re7 42. Rc8+ Kg7 43. Rb8 Rh8 44. Rxb6 Rc8 45. Rd2 Rc1 46. Ne6+ Kf7 47. Nf4 Rg1 48. Rf6+ Ke8 49. Rxg6 Rc7 50. Rg8+ Kf7 51. Rg5 Ke7 52. Rg7+ Kd8 53. Ne6+ 1-0

[Event "FRA-ch Youth U18 2018"]
[Site "Agen"]
[Date "2018.04.21"]
[Round "8"]
[White "Bressy, Theo"]
[Black "Heliot, Xabi"]
[Result "1-0"]
[ECO "A00"]
[WhiteElo "2116"]
[BlackElo "2160"]
[Annotator "NA"]
[PlyCount "87"]
[EventDate "2018.??.??"]
[EventType "swiss"]
[EventCountry "FRA"]
[SourceTitle "playchess.com"]
[Source "ChessBase"]
[SourceQuality "1"]
[TimeControl "5400+30"]

1. g3 Nc6 2. Bg2 d5 3. d3 e5 4. Nd2 Be6 {[%emt 0:05:08] A00: Irregular Openings} (4... Nf6 5. a3 a5 6. e4 Be7 7. Ngf3 O-O 8. O-O Re8 9. exd5 Nxd5 10. Re1 Bf8 11. Nc4 f6 12. Nh4 Be6 {0-1 (48) Svidler,P (2769)-Wang,H (2743) Stavanger 2013}) 5. h3 Qd7 6. a3 h5 7. b4 h4 8. g4 $1 Nce7 $146 ({Predecessor:} 8... f5 9. gxf5 Bxf5 10. Bb2 O-O-O 11. c4 Be6 12. b5 {½-½ (46) Kokol,P (2324)-Suta,A (2093) Slovenia 2016}) 9. Nb3 Ng6 10. e3 Nh6 11. Bb2 f5 12. gxf5 Nxf5 13. Nf3 d4 14. e4 (14. exd4 $14 Bxb3 15. cxb3) 14... Nh6 15. Bc1 Nf7 16. Ng5 Nxg5 17. Bxg5 Be7 18. Bxe7 Qxe7 19. Nc5 Bc8 20. Bf3 b6 21. Nb3 Qf6 22. Bg4 O-O 23. Rh2 Nf4 24. Bxc8 Raxc8 25. Qg4 c5 26. bxc5 bxc5 27. Nd2 Rb8 28. Nc4 Rb7 $17 29. f3 Rfb8 30. Kf2 Rb1 31. Rh1 R1b2 32. Nxb2 Rxb2 33. Rhb1 Rxc2+ 34. Kf1 Nxd3 35. Rb8+ Kf7 36. Rb7+ Kg8 37. Rb8+ Kf7 38. Qh5+ Ke6 39. Qe8+ Qe7 40. Qc6+ Kf7 41. Rb7 c4 42. Rxe7+ Kxe7 43. Rb1 Nb2 44. Qb7+ 1-0

[Event "FRA-ch Youth U18 2018"]
[Site "Agen"]
[Date "2018.04.21"]
[Round "8"]
[White "Lomandong, Noela-Joyce"]
[Black "Salvador, Lucie"]
[Result "1-0"]
[ECO "A48"]
[WhiteElo "2053"]
[BlackElo "1955"]
[Annotator "NA"]
[PlyCount "75"]
[EventDate "2018.??.??"]
[EventType "swiss"]
[EventCountry "FRA"]
[SourceTitle "playchess.com"]
[Source "ChessBase"]
[SourceQuality "1"]
[TimeControl "5400+30"]

1. Nf3 Nf6 2. d4 g6 3. b3 Bg7 4. Bb2 d5 5. e3 O-O 6. Bd3 c5 7. O-O {[%emt 0:09:41] D04: Colle System} Nc6 (7... b6 8. dxc5 bxc5 9. c4 e6 10. Nc3 Bb7 11. Na4 Nbd7 12. cxd5 exd5 13. Qe2 Re8 14. Rac1 Rc8 {½-½ (53) Nakamura,H (2786)-Caruana,F (2802) chess.com INT 2017}) 8. a3 {[%emt 0:02:03] LiveBook: 4 Games} Bg4 9. dxc5 a5 10. h3 $146 ({Predecessor:} 10. Be2 Ne4 11. Bxg7 Kxg7 12. h3 Be6 13. Nd4 {1-0 (48) Lasitha,S (1798)-Dissanayake,R (1667) Narahenpita 2017}) 10... Bxf3 11. Qxf3 e5 12. Bb5 Qe7 13. Qe2 Ne4 14. a4 Rac8 15. Nd2 Nxc5 16. Rac1 Rc7 17. Ba3 b6 18. c3 Rfc8 19. b4 Nd7 20. Bxc6 Rxc6 21. b5 Qxa3 22. bxc6 Rxc6 23. Qb5 Rc7 24. Nb3 Qd6 25. Rfd1 Nf6 26. c4 d4 27. exd4 $18 exd4 28. Rxd4 Qe7 29. Rcd1 Ne4 30. Rd8+ Bf8 31. Qe8 Qxe8 32. Rxe8 Kg7 33. Rxe4 Bb4 34. Rd8 Rc6 35. Rd7 Rf6 36. Nd4 Kh6 37. g4 Kg5 38. Rd5+ 1-0

[Event "FRA-ch Youth U18 2018"]
[Site "Agen"]
[Date "2018.04.21"]
[Round "8"]
[White "Rollot, Florence"]
[Black "El Barbry, Sarah"]
[Result "1-0"]
[ECO "A13"]
[WhiteElo "2042"]
[BlackElo "1750"]
[Annotator "NA"]
[PlyCount "69"]
[EventDate "2018.??.??"]
[EventType "swiss"]
[EventCountry "FRA"]
[SourceTitle "playchess.com"]
[Source "ChessBase"]
[SourceQuality "1"]
[TimeControl "5400+30"]

1. c4 e6 2. g3 Nf6 3. Bg2 d5 4. Qc2 c6 5. Nf3 Bd6 6. O-O O-O 7. d4 Nbd7 8. Nbd2 Re8 9. e4 dxe4 10. Nxe4 Nxe4 11. Qxe4 {[%emt 0:00:08] LiveBook: 28 Games} h6 ({Black should try} 11... e5 $11) 12. Rd1 {[%emt 0:11:36] E01: Catalan: Early deviations} (12. Bf4 Nf6 13. Qe3 Qc7 14. Bxd6 Qxd6 15. Ne5 Bd7 16. Rad1 Rad8 17. f4 Nh7 18. Rd3 Qc7 19. Rfd1 Re7 20. d5 exd5 21. cxd5 cxd5 22. Bxd5 Rde8 23. Qxa7 Rxe5 24. Bxf7+ {1-0 (24) Zubov,A (2630)-Abelgas,R (2316) Olongapo City 2015}) 12... Nf6 13. Qe1 $146 ({Predecessor:} 13. Qe2 Qc7 14. b3 b6 15. Bb2 Bb7 16. Ne5 c5 17. Bxb7 Qxb7 18. Ng4 Nxg4 19. Qxg4 cxd4 20. Qxd4 {½-½ (34) Vardakas,G (1932)-Spyropoulos,N (2229) Achaia 2017}) 13... Qe7 14. Ne5 Rb8 15. Rb1 Nd7 16. b4 Nxe5 17. dxe5 Bc7 18. Qc3 $16 c5 19. bxc5 Qxc5 20. Rb5 Qe7 21. Ba3 Qg5 22. h4 Qf5 23. Bd6 Rd8 24. Rd3 Bxd6 25. exd6 Qf6 26. Qd2 b6 27. d7 Ba6 28. Rb4 Bb7 29. Bxb7 Rxb7 30. c5 e5 31. Rd6 Qf3 32. c6 Rc7 33. Qc1 Qe2 34. Ra4 a6 35. Qb1 1-0

[Event "FRA-ch Youth U18 2018"]
[Site "Agen"]
[Date "2018.04.21"]
[Round "8"]
[White "Belluire, Beatrice"]
[Black "Bauer, Elise"]
[Result "1/2-1/2"]
[ECO "C50"]
[WhiteElo "1818"]
[BlackElo "1489"]
[Annotator "NA"]
[PlyCount "111"]
[EventDate "2018.??.??"]
[EventType "swiss"]
[EventCountry "FRA"]
[SourceTitle "playchess.com"]
[Source "ChessBase"]
[SourceQuality "1"]
[TimeControl "5400+30"]

1. e4 e5 2. Nf3 Nc6 3. Bc4 Bc5 4. O-O Nf6 5. d3 d6 6. Nc3 Bg4 7. h3 Bh5 8. Be3 Nd4 9. g4 Bg6 10. Bxd4 exd4 11. Ne2 d5 12. exd5 Nxd5 13. Bxd5 Qxd5 14. Nf4 Qd6 $16 15. Qe2+ Kf8 16. Qe5 Re8 17. Qxd6+ Bxd6 18. Nxg6+ hxg6 19. Kg2 c5 20. Rfe1 f6 21. Rxe8+ Kxe8 22. Re1+ Kd7 23. Re4 g5 24. Ng1 b6 25. Kf3 Bh2 26. Re1 Bxg1 27. Rxg1 Rxh3+ 28. Kg2 Rh8 29. Kf3 Kd6 30. Re1 g6 31. Rg1 a6 32. a4 Kd5 33. b3 b5 34. axb5 axb5 35. Ra1 Rh3+ 36. Ke2 Rh4 37. Ra6 Rxg4 38. Rxf6 Rg1 39. Rxg6 g4 40. Rb6 b4 41. Rg6 Rc1 42. Rg5+ Kc6 43. Kd2 Rf1 44. Ke2 Rg1 45. Rg6+ Kd5 46. Rg5+ Kc6 47. Rg8 Kd7 48. Rg6 Kc7 49. Kd2 Rg2 50. Ke2 Rg1 51. Kd2 Rg2 52. Ke1 Rg1+ 53. Ke2 Rc1 54. Kd2 Rf1 55. Rf6 Rg1 56. Ke2 1/2-1/2

[Event "FRA-ch Youth U18 2018"]
[Site "Agen"]
[Date "2018.04.21"]
[Round "8"]
[White "Goeau, Aurelice"]
[Black "Milroy, Melena"]
[Result "0-1"]
[ECO "B01"]
[WhiteElo "1573"]
[BlackElo "1718"]
[Annotator "NA"]
[PlyCount "90"]
[EventDate "2018.??.??"]
[EventType "swiss"]
[EventCountry "FRA"]
[SourceTitle "playchess.com"]
[Source "ChessBase"]
[SourceQuality "1"]
[TimeControl "5400+30"]

1. e4 d5 2. exd5 Qxd5 3. Nc3 Qa5 4. g3 Nc6 5. Bg2 Bd7 6. Nf3 O-O-O 7. O-O Qh5 8. d3 e5 9. Re1 Bd6 10. Ne4 Bg4 11. c3 f5 12. h3 Bxf3 13. Bxf3 Qe8 14. Nxd6+ Rxd6 15. Qc2 Re6 16. Bd2 Nf6 17. Bg2 h6 18. b4 g5 19. d4 e4 20. b5 Nd8 21. c4 Nh7 22. Qc1 Rg8 23. a4 h5 24. a5 h4 25. g4 fxg4 26. hxg4 Nf7 27. a6 b6 28. Rb1 Kb8 29. d5 Re7 30. Bb4 Re5 31. Bc3 Re7 32. Bb4 Re5 33. Bc3 Qd7 34. Bxe5 Nxe5 35. Rxe4 Nxg4 36. Bh3 Nhf6 37. Re1 Qd6 38. Kf1 Qh2 39. Bxg4 Nxg4 40. Rb2 Rf8 41. Qd2 Qh1+ 42. Ke2 Qf3+ 43. Kf1 h3 44. Qd1 Nh2+ 45. Kg1 Qg2# 0-1

[Event "FRA-ch Youth U18 2018"]
[Site "Agen"]
[Date "2018.04.22"]
[Round "9"]
[White "Salvador, Lucie"]
[Black "Rollot, Florence"]
[Result "0-1"]
[ECO "A04"]
[WhiteElo "1955"]
[BlackElo "2042"]
[Annotator "NA RC"]
[PlyCount "140"]
[EventDate "2018.??.??"]
[EventType "swiss"]
[EventCountry "FRA"]
[SourceTitle "playchess.com"]
[Source "ChessBase"]
[SourceQuality "1"]
[TimeControl "5400+30"]

1. Nf3 c5 2. c4 Nc6 3. g3 g6 4. Bg2 Bg7 5. O-O e6 6. Nc3 Nge7 7. d3 h6 {[%emt 0:03:31] A37: Symmetrical English vs ...g6: 4 Bg2 Bg7 5 Nf3} (7... O-O 8. Bg5 h6 9. Bd2 b6 10. a3 Bb7 11. Rb1 a5 12. Nb5 d5 13. Qc1 Kh7 14. Rd1 Qd7 15. e3 Rac8 16. Qc2 e5 17. cxd5 Nxd5 {½-½ (85) Almasi,Z (2682)-Ponkratov,P (2613) Riadh 2017}) 8. Bf4 d6 9. Qc1 Nf5 10. a3 $146 ({Find the theoretical novelty and annotate with similar games:} 10. h4 a6 11. Rb1 Rb8 12. a3 a5 13. Re1 e5 14. Bd2 Be6 {0-1 (44) Noroozi,O (2391)-Bagheri,M (2266) Nakhchivan 2016}) 10... Na5 11. Rb1 Nb3 12. Qd1 Nbd4 13. Bd2 O-O 14. b4 cxb4 15. axb4 Rb8 16. e3 Nxf3+ 17. Bxf3 Ne7 18. Qb3 b6 19. d4 a6 20. Rfd1 Qc7 21. Rbc1 f5 22. Ne2 Kh7 23. Qa3 e5 24. Bg2 e4 25. f3 Bb7 {[%emt 0:00:50] [#]} 26. fxe4 (26. d5 $1 $16) 26... Rbe8 27. exf5 Nxf5 28. Bxb7 Qxb7 29. d5 Qe7 30. Nf4 Nxe3 31. Bxe3 Qxe3+ 32. Qxe3 Rxe3 33. Ne6 Rf5 34. Rd2 Bc3 35. Ra2 a5 36. bxa5 Bxa5 37. Nd4 Rf7 38. Nc6 Bc3 39. Rb1 Re4 40. Ra4 Rb7 41. Rc1 Bd2 42. Rf1 Be3+ 43. Kg2 Bc5 44. Nd8 Rd7 45. Ne6 Re7 46. Ra8 g5 47. Nxc5 bxc5 48. Ra6 Rxc4 49. Rxd6 Rc2+ 50. Rf2 Rc1 51. Rdf6 Rd1 52. R2f5 Rd7 53. Rf7+ Rxf7 54. Rxf7+ Kg6 55. Rd7 Kf5 56. Rf7+ Kg6 (56... Ke5 $17 57. Re7+ Kd6 58. Re6+ Kxd5 59. Rxh6 c4) 57. Rd7 Rd2+ 58. Kf3 Kf5 59. Rd8 Ke5 60. Re8+ Kf5 61. g4+ Kf6 62. Re6+ Kg7 63. d6 Rxh2 64. Ke3 Rh3+ 65. Ke4 c4 66. Re7+ $2 ({White has to play} 66. Kd4 $18 Rh2 67. Kxc4) 66... Kf6 67. Re5 Rd3 68. Rd5 $2 {[%emt 0:00:28] [#]} (68. Rc5 $11) 68... Rxd5 $1 69. Kxd5 c3 70. d7 Ke7 0-1

[Event "FRA-ch Youth U18 2018"]
[Site "Agen"]
[Date "2018.04.22"]
[Round "9"]
[White "El Barbry, Sarah"]
[Black "Chachiachvili, Mariam"]
[Result "1-0"]
[ECO "C44"]
[WhiteElo "1750"]
[BlackElo "1752"]
[Annotator "NA RC"]
[PlyCount "69"]
[EventDate "2018.??.??"]
[EventType "swiss"]
[EventCountry "FRA"]
[SourceTitle "playchess.com"]
[Source "ChessBase"]
[SourceQuality "1"]
[TimeControl "5400+30"]

1. e4 e5 2. Nf3 Nc6 3. c3 Nf6 4. d4 exd4 5. e5 Qe7 6. cxd4 d6 7. Bb5 d5 8. Nc3 a6 9. Be2 Ne4 10. O-O Nxc3 11. bxc3 Be6 12. Qa4 Qd7 13. Rb1 Rb8 14. Qc2 g6 15. h3 Bg7 16. Ba3 b5 17. Bd3 Ne7 18. Nd2 O-O 19. Nb3 Rfe8 20. Nc5 Qc6 21. Bc1 Bf5 22. Bg5 Bxd3 23. Qxd3 h6 24. Bf4 Bf8 25. Qd2 Kh7 26. Rfe1 Ng8 27. Nd3 Qe6 28. Bg3 Rbc8 29. Nf4 Qd7 30. Qd3 c6 31. h4 Kh8 32. e6 fxe6 33. Nxg6+ Kg7 34. Ne5 Qe7 35. Qg6+ 1-0

[Event "FRA-ch Youth U18 2018"]
[Site "Agen"]
[Date "2018.04.22"]
[Round "9"]
[White "Milroy, Melena"]
[Black "Belluire, Beatrice"]
[Result "0-1"]
[ECO "C00"]
[WhiteElo "1718"]
[BlackElo "1818"]
[Annotator "NA RC"]
[PlyCount "60"]
[EventDate "2018.??.??"]
[EventType "swiss"]
[EventCountry "FRA"]
[SourceTitle "playchess.com"]
[Source "ChessBase"]
[SourceQuality "1"]
[TimeControl "5400+30"]

1. e4 e6 2. d4 d5 3. Bd3 Bd7 4. e5 c5 5. c3 Nc6 6. Nf3 cxd4 7. cxd4 Qb6 8. Be2 Nge7 9. Qb3 $2 (9. Nc3 $11 {and White is okay.}) 9... Nxd4 10. Nxd4 Qxd4 $19 11. Qxb7 Bc6 12. Be3 Qxe5 13. Bb5 Rc8 14. O-O d4 15. Rc1 Qxb5 16. Qxb5 Bxb5 17. Rxc8+ Nxc8 18. Bxd4 f6 19. Nc3 Bd7 20. Ne4 e5 21. Be3 f5 22. Nc3 f4 23. Bd2 Kf7 24. Re1 Bd6 25. Ne4 Re8 26. Bc3 Bb8 27. Nc5 Bf5 28. f3 Bc7 29. Kf1 Bb6 30. Na4 Bd3+ 0-1

[Event "FRA-ch Youth U18 2018"]
[Site "Agen"]
[Date "2018.04.22"]
[Round "9"]
[White "Bauer, Elise"]
[Black "Lomandong, Noela-Joyce"]
[Result "1/2-1/2"]
[ECO "B06"]
[WhiteElo "1489"]
[BlackElo "2053"]
[Annotator "NA RC"]
[PlyCount "86"]
[EventDate "2018.??.??"]
[EventType "swiss"]
[EventCountry "FRA"]
[SourceTitle "playchess.com"]
[Source "ChessBase"]
[SourceQuality "1"]
[TimeControl "5400+30"]

1. e4 g6 2. d4 Bg7 3. Nc3 a6 4. a4 Nc6 5. Be3 d6 6. Nf3 Nf6 7. h3 O-O 8. Qd2 e5 {[%emt 0:03:44] B08: Pirc Defence: Classical System} 9. d5 Ne7 {[%emt 0:00:27] LiveBook: 10 Games} 10. Bh6 (10. g4 c6 11. dxc6 bxc6 12. O-O-O d5 13. Nxe5 Be6 14. Bg2 Nxe4 15. Nxe4 dxe4 16. Nd7 Bxd7 17. Qxd7 {0-1 (24) Pogosyan,S (2340)-Gasanov,E (2490) Moscow 2018}) 10... Kh8 11. Nh2 $146 ({Predecessor:} 11. g4 Bd7 12. Bd3 b5 13. O-O Qc8 14. Nh2 c6 15. Bxg7+ Kxg7 16. f4 cxd5 17. fxe5 {½-½ (40) Sabol,M (2366)-Rubal,A (2308) Czech Republic 2015}) 11... Bxh6 12. Qxh6 Neg8 13. Qg5 Nh5 14. Qe3 f5 15. Nf3 Qf6 16. Nd2 fxe4 17. Ncxe4 Qf4 18. g4 Qxe3+ 19. fxe3 Nhf6 20. c4 Nxe4 21. Nxe4 Nf6 22. Nc3 Bd7 23. Bg2 Kg7 24. Ke2 Rf7 25. Rhf1 Raf8 26. b4 h5 27. g5 Ne8 28. b5 Rxf1 29. Rxf1 a5 30. Rb1 Rf5 31. h4 b6 32. Bh3 Rf7 33. Bxd7 Rxd7 $16 34. Rf1 Rf7 35. e4 Rxf1 36. Kxf1 Kf7 37. Na2 Ng7 38. Ke2 Ke7 39. Nc1 Kf7 40. Ke3 Ke7 41. Kd3 Kd7 42. Nb3 Ke7 43. Kc3 Kd7 1/2-1/2